Unix NetHack Version 5.0.0-0 post-release - last build May 10 2026 23:12:36 (d1fa5d53e341ca933230fdaa984d921c805b60aa,branch:main).

Game began 2026-05-14 16:28:32, ended 2026-05-14 16:38:03.

BaeHund, lawful female human Samurai

                                     ----
                         -------  ----..|                             ----
                    ------..|0.| --.|...-------            --#       --..--
           --       |..|..^....| |.........--.--           |.##      |....|
         ---.--   ---..........---.............|          --..####0 *#....|
        --.....----.......0....................-----  ----|......#####--..|
        |.......>|...*...)......................|..---|..--.......#  * #-.|
          .......|.--..%.^+..-.................|......|...0.---...|   -#*.|
           -...... --.%^.......................|.----........|.-..|   #...----
            -.....--.%........................-|.|  |......|.....--   #......--
            |.....%.).--....................----.|  |......---..--    ##-.....|
            |... --<.....--.....--....---...|.%..|  |..........----------....--
            |.    --...---|.....|--...| ---.|.----  --......--..............--
            --     -.---  ----..--|(..|   |.|.|      --..|.----------...--.--
                   ..|       --...---.|  --.|.|       ------        --.-- --
                   .--        --...|---  |..|.|                      ---
                  ..           |-..---   |..r.|
                  .            |.....|   --@r.|
                 ..            |....--    |..--
                 .-            ---.--     ----
                --               ---
BaeHund the Ronin      St:11 Dx:16 Co:15 In:12 Wi:10 Ch:8  Lawful
Dlvl:4  $:25 HP:0(46) Pw:13(13) AC:2  Xp:4 T:642  Burdened

Latest messages:
 q - a pair of mud boots.
 You hit the yellow mold.
 You kill the yellow mold!
 You are carrying too much to get through.
 You see here a lichen corpse.
 You hit the wererat.
 The wererat changes into a rat.
 The wererat summons help!
 A rabid rat suddenly appears next to you!
 A sewer rat suddenly appears next to you!
 The wererat misses!
 Pick a monster, object or location.
 You miss the wererat.
 The sewer rat bites!
 The rabid rat bites!
 The wererat bites!
 You hit the wererat.
 The sewer rat misses!
 The rabid rat bites!
 The wererat bites!
 You avoid harm.
 You hit the wererat.
 The wererat turns to flee.
 The sewer rat bites!
 The rabid rat misses!
 The sewer rat misses!
 You hit the wererat!
 You hit the wererat.
 The sewer rat bites!
 Pick a monster, object or location.
 You miss the sewer rat.
 The sewer rat bites!
 You miss the rabid rat.
 The sewer rat bites!
 The rabid rat bites!
 The rabid rat's bite was poisoned!
 Your movements are slowed slightly because of your load.
 You feel very sick!
 You miss the rabid rat.
 The sewer rat misses!
 The rabid rat bites!
 You miss the rabid rat.
 The sewer rat bites!
 The rabid rat bites!
 The rabid rat's bite was poisoned!
 You hear the howling of the CwnAnnwn...
 You die...
 Do you want your possessions identified? [ynq] (y) y
 Do you want to see your attributes? [ynq] (y) y
 Do you want an account of creatures vanquished? [ynaq] (y) q

Inventory:
 Coins    ('$')
  $ - 25 gold pieces
 Weapons  (')')
  d - 31 +0 ya (in quiver)
  c - a +0 yumi
  a - a +0 katana (weapon in right hand)
  b - a +0 wakizashi (alternate weapon; not wielded)
 Armor    ('[')
  o - a cursed +0 pair of iron shoes (being worn)
  q - an uncursed +0 pair of water walking boots
  e - an uncursed rustproof +0 splint mail (being worn)
 Comestibles  ('%')
  l - an uncursed gunyoki
  f - a cursed gunyoki
  g - an uncursed lembas wafer
 Scrolls  ('?')
  j - a cursed scroll of identify
 Potions  ('!')
  m - a cursed potion of full healing
  h - an uncursed potion of healing
  p - an uncursed potion of restore ability
  n - a cursed potion of sake
  k - an uncursed potion of speed

BaeHund the Samurai's attributes:

Background:
 You were a Ronin, a level 4 female human Samurai.
 You were lawful, on a mission for Amaterasu Omikami
 who was opposed by Raijin (neutral) and Susanowo (chaotic).
 You were right-handed.
 You were in the Gnomish Mines, on level 4.
 You entered the dungeon 642 turns ago.
 You had 137 experience points, 23 more were needed to attain level 5.

Basics:
 You had 0 out of 46 hit points.
 You had all 13 energy points (spell power).
 Your armor class was 2.
 Your wallet contained 25 zorkmids.
 Autopickup was off.

Final Characteristics:
 Your strength was 11 (limit:18/100).
 Your dexterity was 16 (limit:18).
 Your constitution was 15 (peak:18, limit:18).
 Your intelligence was 12 (limit:18).
 Your wisdom was 10 (limit:18).
 Your charisma was 8 (limit:18).

Final Status:
 You weren't hungry.
 You were burdened; movement was slightly slowed.
 You were wielding a long sword.
 You had basic skill with long sword.

Final Attributes:
 You were fervently aligned.
 You were warded.
 Your spell casting was impaired by metallic armor.
 You were fast.
 You are dead.

Miscellaneous:
 You didn't encounter any bones levels.
 Total elapsed playing time was 9 minutes and 30 seconds.

Major events:
 Turn
    1: BaeHund the lawful female human Samurai entered the dungeon
  438: entered the Gnomish Mines
  444: attained the rank of Ronin (level 3)
  642: killed by a rabid rat

Spells:
 Name                 Level Category     Fail Retention
 light                  1   divination   100%  76%-100%

Skills:
 Fighting Skills
   martial arts      [Basic]
   two weapon combat [Unskilled]
   riding            [Unskilled]
 Weapon Skills
   dagger            [Unskilled]
   knife             [Unskilled]
   short sword       [Basic]
   broadsword        [Unskilled]
   long sword        [Basic]
   two-handed sword  [Unskilled]
   saber             [Unskilled]
   flail             [Unskilled]
   quarterstaff      [Unskilled]
   polearms          [Unskilled]
   spear             [Unskilled]
   lance             [Unskilled]
   bow               [Basic]
   shuriken          [Unskilled]
 Spellcasting Skills
   attack spells     [Unskilled]
   divination spells [Unskilled]
   clerical spells   [Unskilled]

Voluntary challenges:
 Character rerolling was not enabled.
 You went without food.
 You were an atheist.
 You never genocided any monsters.
 You never polymorphed an object.
 You never changed form.
 You used no wishes.
Achievements:
 You entered a shop.
 You entered the Gnomish Mines.
 You attained the rank of Ronin.

 The Dungeons of Doom: levels 1 to 4
    Level 1:
    Level 2:
       A potion shop, a sink.
    Level 3:
       Stairs down to The Gnomish Mines.
    Level 4:
 The Gnomish Mines:
    Level 4: <- You were here.
       Final resting place for
          you, killed by a rabid rat.


Vanquished creatures:
  2 gnome leaders
  a little dog
  a dwarf
  a large kobold
  a yellow mold
  9 gnomes
  a kobold
  a sewer rat
  4 grid bugs
  3 lichens
  2 newts
26 creatures vanquished.

No species were genocided or became extinct.

Game over:
                       ----------
                      /          \
                     /    REST    \
                    /      IN      \
                   /     PEACE      \
                  /                  \
                  |     BaeHund      |
                  |      25 Au       |
                  |   killed by a    |
                  |    rabid rat     |
                  |                  |
                  |                  |
                  |       2026       |
                 *|     *  *  *      | *
        _________)/\\_//(\/(/\)/\//\/|_)_______

Sayonara BaeHund the Samurai...

You died in The Gnomish Mines on dungeon level 4 with 721 points,
and 25 pieces of gold, after 642 moves.
You were level 4 with a maximum of 46 hit points when you died.

